 Dungeon Crawl Stone Soup version 0.28-a0-1080-g05a166d0ed (webtiles) character file.

Game seed: 6019943539479825131

246 meatgazer the Slasher (level 5, -1/69 HPs)
             Began as a Demonspawn Abyssal Knight on Dec 9, 2021.
             Was a Believer of Lugonu.
             Slain by a hornet (12 damage)
             ... while paralysed by a hornet
             ... on level 3 of the Dungeon.
             The game lasted 00:05:16 (3617 turns).

meatgazer the Slasher (Demonspawn Abyssal Knight)   Turns: 3617, Time: 00:05:17

Health: -1/69      AC:  7    Str: 16    XL:     5   Next: 84%
Magic:  7/7        EV:  2    Int: 11    God:    Lugonu [**....]
Gold:   127        SH:  0    Dex: 13    Spells: 4/4 levels left

rFire   . . .      SeeInvis +   a - +2 falchion (vamp)
rCold   . . .      Faith    .   (no shield)
rNeg    + . .      Spirit   .   b - +0 leather armour
rPois   .          Reflect  .   (no helmet)
rElec   .          Harm     .   i - +2 cloak
rCorr   .          Rampage  .   (no gloves)
Will    .....      Rage     1%  (no boots)
Stlth   ..........              (no amulet)
HPRegen 0.21/turn               g - ring of see invisible
MPRegen 0.10/turn               n - ring of positive energy

@: paralysed, berserking, lethally poisoned (-1 -> -25), slowed
A: demonic guardian 1, sharp scales 1, demonic magic 1, demonic touch 1, talons
1, berserk 1, robust 1, evolution 1, noise suppression
a: Renounce Religion, Depart the Abyss, Bend Space


You were on level 3 of the Dungeon.
You worshipped Lugonu.
Lugonu was pleased with you.
You visited 1 branch of the dungeon, and saw 4 of its levels.
You visited the Abyss 1 time.

You collected 127 gold pieces.

Inventory:

Hand Weapons
 a - a +2 vampiric falchion (weapon)
Armour
 b - a +0 leather armour (worn)
 i - a +2 cloak (worn)
Magical Staves
 d - a staff of air
Jewellery
 g - a ring of see invisible (left hand)
 n - a ring of positive energy (right hand)
Scrolls
 o - a scroll of fog
Potions
 c - a potion of mutation
 e - 2 potions of curing
 f - a potion of might {unknown}
 h - a potion of flight


   Skills:
 + Level 4.1 Fighting
 + Level 4.6 Long Blades
 - Level 1.7 Armour
 - Level 0.8 Dodging
 + Level 1.1 Stealth
 + Level 3.0 Invocations


You had 4 spell levels left.
You didn't know any spells.
Your spell library contained the following spells:

 Spells                   Type           Power      Damage    Failure   Level
 Ozocubu's Armour         Ice            0%         N/A       78%         3
 Ozocubu's Refrigeration  Ice            0%         4d5       100%        7


Dungeon Overview and Level Annotations

Branches:
Dungeon (4/15)
 Temple: D:4-7

Altars:

Shops:
D:1 *


Innate Abilities, Weirdness & Mutations

A weak demonic guardian rushes to your aid.
You are partially covered in razor-sharp scales. (AC +1, Slay +1)
Spells you cast may paralyse adjacent enemies.
Your touch may inflict minor irresistible damage on your foes.
You have sharp toenails.
You tend to lose your temper in combat.
You are robust. (+10% HP)
You have hidden genetic potential.
You passively dampen the noise of your surroundings.


Message History

You are too confused!
An iguana comes into view.
The iguana hisses angrily.
You feel less confused.
The orc wizard gestures at you while chanting.
You resist with some effort.
The iguana hisses menacingly.
The orc wizard gestures wildly while chanting.
The orc wizard flickers and vanishes for a moment.
The iguana hisses menacingly.
The hornet stings you.
You feel yourself slow down.
There is a stone staircase leading up here.
You feel yourself speed up. The hornet stings you.
You suddenly lose the ability to move!
The hornet stings you!
You shrug off the repeated paralysis!
You can move again.
You climb upwards.
There is a stone staircase leading down here.
You closely miss the hornet. You claw the hornet. Your touch misses the hornet.
The hornet is lightly wounded.
The hornet stings you.
You are poisoned.
You feel yourself slow down. The hornet closely misses you.
A red film seems to cover your vision as you go berserk!
You feel yourself moving faster!
You feel mighty!
You barely miss the hornet.
You touch the hornet.
The hornet is lightly wounded.
You feel yourself speed up.
You feel very sick. The hornet stings you!
You are more poisoned.
You suddenly lose the ability to move!
The hornet stings you!
* * * LOW HITPOINT WARNING * * *
A demonic guardian appears!
You are lethally poisoned!
You feel yourself slow down.
* * * LOW HITPOINT WARNING * * *
You feel very sick. The hornet stings you!
You die...

........##..............#######
........###....)........'.....#
........# #.............#####.###
....##### #.............# #....
.#### #.............#######<#
.##########.......###.........#.#
.#...............5###.......#.#.#
.#..............y...#.......#.#.#
.'..............@...#....(..#.#.#
##............##....#.......#.#..
..............##....#.......#.###
##.......##...##............#....
#........##...##............#####
#####....+.....#.......##########
≈≈≈≈#....#####.##..............##
...≈##.........................'.
...≈#...#.......#..#...........##


You could see a hornet (ally target) and a friendly iron imp (summoned).

Vanquished Creatures
  A necrophage (D:3)
  A hound (D:4)
  A hound skeleton (D:4)
  4 adders
  An adder zombie (D:3)
  A worm (D:3)
  2 dart slugs
  A bat (D:3)
  9 endoplasms
  4 giant cockroaches
  4 goblins
  4 hobgoblins (D:1)
  8 jackals
  5 quokkas
  5 ball pythons
  4 frilled lizards
  8 kobolds
  4 rats
67 creatures vanquished.

Vanquished Creatures (collateral kills)
  An orc (D:3)
1 creature vanquished.

Grand Total: 68 creatures vanquished

Notes
Turn   | Place    | Note
-------+----------+-------------------------------------------
     0 | Abyss:1  | meatgazer the Demonspawn Abyssal Knight began the quest for
                  | the Orb.
     0 | Abyss:1  | Reached XP level 1. HP: 18/18 MP: 2/2
    63 | Abyss:1  | Gained mutation: You have sharp toenails. [potion of
                  | mutation]
    63 | Abyss:1  | Gained mutation: You have hidden genetic potential. [potion
                  | of mutation]
    63 | Abyss:1  | Gained mutation: You tend to lose your temper in combat.
                  | [potion of mutation]
    93 | D:1      | Escaped the Abyss
   603 | D:1      | Reached * piety under Lugonu
   612 | D:1      | Found Unun's Assorted Antiques.
   616 | D:1      | Gained mutation: Spells you cast may paralyse adjacent
                  | enemies. [demonic ancestry]
   616 | D:1      | Reached XP level 2. HP: 23/24 MP: 3/3
   950 | D:1      | Found a faded altar of an unknown god.
  1183 | D:1      | Gained mutation: Your touch may inflict minor irresistible
                  | damage on your foes. [demonic ancestry]
  1183 | D:1      | Reached XP level 3. HP: 26/29 MP: 4/4
  1190 | D:1      | Gained mutation: You have great hidden genetic potential.
                  | [hidden potential]
  2345 | D:3      | Gained mutation: You are partially covered in razor-sharp
                  | scales. (AC +1, Slay +1) [demonic ancestry]
  2345 | D:3      | Reached XP level 4. HP: 23/37 MP: 6/6
  2348 | D:3      | Gained mutation: You passively dampen the noise of your
                  | surroundings. [hidden potential]
  2348 | D:3      | Lost mutation: You have great hidden genetic potential.
                  | [hidden potential expressed]
  2974 | D:3      | Noticed a necrophage
  2981 | D:3      | Killed a necrophage
  2982 | D:3      | Gained mutation: A weak demonic guardian rushes to your
                  | aid. [demonic ancestry]
  2982 | D:3      | Reached XP level 5. HP: 41/42 MP: 7/7
  2997 | D:3      | Gained mutation: You are robust. (+10% HP) [hidden
                  | potential]
  3053 | D:3      | Reached ** piety under Lugonu
  3146 | D:3      | Reached skill level 1 in Stealth
  3601 | D:4      | Noticed an orc warrior
  3602 | D:4      | Noticed a hornet
  3613 | D:4      | Paralysed by a hornet for 1 turns
  3616 | D:3      | Paralysed by a hornet for 2 turns
  3617 | D:3      | Slain by a hornet

Illustrated notes

Levels and vault maps discovered:
D:1:      psy_arrival_conway, layout_rooms,
          hellmonk_ecumenical_altar_leap_of_faith, serial_shops,
          nicolae_shop_trees
D:2:      layout_basic
D:3:      minmay_chambers_of_threes, layout_basic, kennysheep_minor_cross
D:4:      cheibrodos_fertilizer, layout_basic, temple_hall, minmay_manual_mess

Skill      XL: |  1  2  3  4  5 |
---------------+----------------+-----
Long Blades    | 2 3 4 |  4.6
Invocations    | 3 |  3.0
Fighting       | 4 |  4.1
Stealth        | 1 |  1.1
Armour         | |  1.7
Dodging        | |  0.8

Action                   |  1- 3 |  4- 6 || total
-------------------------+-------+-------++-------
Melee: Falchion          |   102 |    79 ||   181
       Kick              |    19 |    20 ||    39
       Touch             |     2 |    12 ||    14
Invok: Depart the Abyss  |     1 |       ||     1
  Use: Scroll            |     5 |     7 ||    12
       Potion            |     1 |       ||     1
Armor: Leather armour    |    30 |    26 ||    56
Dodge: Dodged            |    55 |    57 ||   112

Table legend: (Time is in decaauts)
 A = Elapsed time spent in this place.
 B = Non-inter-level travel time spent in this place.
 C = Inter-level travel time spent in this place.
 D = Time resting spent in this place.
 E = Time spent auto-exploring this place.
 F = Levels seen in this place.
 G = Mean time per level.
                   A        B        C        D        E       F      G
               +--------+--------+--------+--------+--------+-----+--------+
         Total |   3655 |   3541 |    114 |    771 |   2227 |   5 |  731.0 |
       Dungeon |   3562 |   3448 |    114 |    771 |   2169 |   4 |  890.5 |
         Abyss |     93 |     93 |      0 |      0 |     58 |   1 |   93.0 |
               +--------+--------+--------+--------+--------+-----+--------+

Top non-repeatable levels by time:
     D:1: 1318 daAuts
     D:3: 1157 daAuts
     D:2: 874 daAuts
     D:4: 211 daAuts
 Abyss:1: 93 daAuts
